 Dungeon Crawl Stone Soup version 0.29-a0-1047-g7c58e119a4 (webtiles) character file.

Game seed: 8928014517936096229

28 siradein the Changer (level 3, -1/27 HPs)
             Began as a Merfolk Transmuter on Aug 17, 2022.
             Succumbed to a kobold's poison
             ... on level 1 of the Dungeon.
             The game lasted 00:01:50 (887 turns).

siradein the Changer (Merfolk Transmuter)            Turns: 887, Time: 00:01:51

Health: -1/27      AC:  3    Str: 10    XL:     3   Next: 14%
Magic:  3/6        EV: 12    Int: 14    God:
Gold:   48         SH:  0    Dex: 14    Spells: 3/6 levels left

rFire   . . .      SeeInvis .     - Unarmed
rCold   . . .      Faith    .   (no shield)
rNeg    . . .      Spirit   .   e - +0 leather armour
rPois   .          Reflect  .   (helmet currently unavailable)
rElec   .          Harm     .   (no cloak)
rCorr   .          Rampage  .   (no gloves)
Will    .....                   (boots currently unavailable)
Stlth   +.........              (no amulet)
HPRegen 0.09/turn               (no ring)
MPRegen 0.10/turn               (no ring)

@: lethally poisoned (-1 -> -27), appendages (expiring), wereblooded
A: horns 2, (nimble swimmer 2), mertail
a: End Transformation


You were on level 1 of the Dungeon.
You had temporarily grown beastly horns.
You visited 1 branch of the dungeon, and saw 1 of its levels.

You collected 48 gold pieces.

Inventory:

Armour
 e - a +0 leather armour (worn)
Scrolls
 a - a scroll of identify {unknown}
 c - a scroll of amnesia {unknown}
 d - 2 scrolls of enchant weapon {unknown}
 g - a scroll of silence {unknown}
Potions
 b - a potion of lignification
 f - a potion of might {unknown}


   Skills:
 + Level 2.2 Fighting
 - Level 2.6 Dodging
 - Level 3.2 Unarmed Combat
 - Level 2.2 Spellcasting
 + Level 3.6 Transmutations


You had 3 spell levels left.
You knew the following spells:

 Your Spells              Type           Power      Damage    Failure   Level
a - Beastly Appendage     Tmut           22%        N/A       7%          1
b - Wereblood             Tmut           11%        N/A       11%         2

Your spell library contained the following spells:

 Spells                   Type           Power      Damage    Failure   Level
 Spider Form              Tmut/Pois      6%         N/A       41%         3
 Ice Form                 Ice/Tmut       6%         N/A       83%         4


Dungeon Overview and Level Annotations

Branches:
Dungeon (1/15)

Altars:


Innate Abilities, Weirdness & Mutations

You have temporarily grown beastly horns.
((You are very nimble when in or above water. (Stealth+, EV+, Speed+++)))
Your lower body shifts to a powerful aquatic tail in water.


Message History

You hit the ball python but do no damage.
You headbutt the ball python.
You kill the ball python!
No target in view!
No target in view!
Your horns disappear.
You howl as the wereblood boils in your veins!
A kobold comes into view. It is wielding a +4 dagger of venom.
A kobold is nearby!
A kobold is nearby!
A kobold is nearby!
Casting: Beastly Appendage (safe; 7% risk of failure)
Confirm with . or Enter, or press ? or * to list all spells.
Your blood is freshly infused with primal strength!
You grow a pair of large bovine horns.
Your transformation is almost over.
You hit the kobold but do no damage. Your headbutt misses the kobold.
You punch the kobold, but do no damage.
The kobold hits you with a +4 dagger of venom.
You are poisoned.
You hit the kobold but do no damage.
You feel very sick. The kobold closely misses you.
You barely miss the kobold.
You feel sick.
The kobold hits you with a +4 dagger of venom.
You are lethally poisoned!
You barely miss the kobold. You headbutt the kobold.
The kobold is moderately wounded.
You feel very sick.
The kobold hits you with a +4 dagger of venom.
* * * LOW HITPOINT WARNING * * *
You are more poisoned.
You are too injured to fight recklessly!
You are too injured to fight recklessly!
You are too injured to fight recklessly!
You hit the kobold.
You feel a bit better.
You kill the kobold!
* * * LOW HITPOINT WARNING * * *
You feel very sick.
You die...

#...###...#.. ...+..
#..# ##...#...##... ..#.
#..# ##.....## #......
#..# ###..###
#.#...#####..♣♣ #.....#
...........♣.♣♣♣ .
#####.#
#######.#######.♣...♣...
######.#
........†.......♣♣......
..†....#
######.#########♣♣..8_8
######## #.!@# ♣♣♣♣♣
#.#.# #.... ###.#. #....
### ##


There were no monsters in sight!

Vanquished Creatures
  A dart slug (D:1)
  A giant cockroach (D:1)
  A hobgoblin (D:1)
  6 jackals (D:1)
  5 kobolds (D:1)
  A quokka (D:1)
  4 ball pythons (D:1)
  3 bats (D:1)
  3 frilled lizards (D:1)
  A goblin (D:1)
26 creatures vanquished.

Notes
Turn   | Place    | Note
-------+----------+-------------------------------------------
     0 | D:1      | siradein the Merfolk Transmuter began the quest for the
                  | Orb.
     0 | D:1      | Reached XP level 1. HP: 15/15 MP: 3/3
   330 | D:1      | Reached XP level 2. HP: 20/21 MP: 3/5
   334 | D:1      | Learned a level 2 spell: Wereblood
   662 | D:1      | Reached XP level 3. HP: 26/27 MP: 4/6
   837 | D:1      | Found a faded altar of an unknown god.
   887 | D:1      | Succumbed to a kobold's poison

Illustrated notes

Levels and vault maps discovered:
D:1:      dpeg_arrival_arbitrary_c, layout_basic,
          shapermc_ecumenical_altar_totnotflames

Skill      XL: |  1  2 |
---------------+-------+-----
Transmutations | 3 |  3.6
Fighting       | 2 |  2.2
Dodging        | |  2.6
Unarmed Combat | |  3.2
Spellcasting   | |  2.2

Action                   || total
-------------------------++-------
Melee: Unarmed           ||    75
       Headbutt          ||    10
       Punch             ||     1
 Cast: Beastly Appendage ||    15
       Wereblood         ||     6
Armor: Robe              ||     4
       Leather armour    ||    22
Dodge: Dodged            ||    69

Table legend: (Time is in decaauts)
 A = Elapsed time spent in this place.
 B = Non-inter-level travel time spent in this place.
 C = Inter-level travel time spent in this place.
 D = Time resting spent in this place.
 E = Time spent auto-exploring this place.
 F = Levels seen in this place.
 G = Mean time per level.
                   A        B        C        D        E       F      G
               +--------+--------+--------+--------+--------+-----+--------+
         Total |    882 |    837 |     45 |      0 |    664 |   1 |  882.0 |
       Dungeon |    882 |    837 |     45 |      0 |    664 |   1 |  882.0 |
               +--------+--------+--------+--------+--------+-----+--------+

Top non-repeatable levels by time:
     D:1: 882 daAuts
